 Dungeon Crawl Stone Soup version 0.32-a0-675-gdc239d62e1 (webtiles) character file.

Game seed: 15118005910316550939

70 pyrow613 the Trooper (level 3, -2/31 HPs)
             Began as a Demigod Fighter on Mar 11, 2024.
             Slain by a gnoll
             ... wielding a +0 whip
              (5 damage)
             ... on level 2 of the Dungeon.
             The game lasted 00:05:19 (1365 turns).

pyrow613 the Trooper (Demigod Fighter)              Turns: 1365, Time: 00:05:20

Health: -2/31      AC:  9    Str: 17    XL:     3   Next: 77%
Magic:  5/5        EV:  7    Int: 10    God:
Gold:   119        SH:  5    Dex: 17    Spells: 2/2 levels left

rFire   . . .        a - +0 long sword
rCold   . . .        c - +0 buckler
rNeg    . . .        e - +0 chain mail
rPois   .            (no helmet)
rElec   .            (no cloak)
rCorr   .            (no gloves)
SInv    .            (no boots)
Will    +....        (no amulet) Stlth
                     (no ring)
HPRegen 0.25/turn    (no ring)
MPRegen 0.09/turn

%: no passive effects
@: mighty, attractive, enlightened, flying
A: high MP 1, forlorn, divine attributes
a: no special abilities


You were on level 2 of the Dungeon.
You visited 1 branch of the dungeon, and saw 2 of its levels.

You collected 119 gold pieces.

Inventory:

Hand Weapons
 a - a +0 long sword (weapon)
Missiles
 f - 3 poisoned darts (quivered)
Armour
 c - a +0 buckler (worn)
 e - a +0 chain mail (worn)
Scrolls
 h - a scroll of butterflies {unknown}
 i - a scroll of teleportation {unknown}
 j - a scroll of amnesia {unknown}
 k - a scroll of identify {unknown}


   Skills:
 * Level 3.3 Fighting
 * Level 2.6 Long Blades
 + Level 3.0 Armour
 + Level 3.1 Shields


You had 2 spell levels left.
You didn't know any spells.
Your spell library was empty.

Dungeon Overview and Level Annotations

Branches:
Dungeon (2/15)

Shops:
D:1 !


Innate Abilities, Weirdness & Mutations

You have an increased reservoir of magic. (+10% MP)
You shall have no god before yourself.
Your divine heritage dramatically boosts your attributes as you level up.


Message History

You closely miss the gnoll.
The gnoll is almost dead.
The gnoll barely misses you.
A goblin comes into view. It is wielding a +0 club.
The goblin shouts!
You hit the gnoll.
You kill the gnoll!
Your Armour skill increases to level 3!
You closely miss the gnoll. You block the gnoll's attack.
The gnoll barely misses you.
You hit the gnoll.
The gnoll is moderately wounded.
The gnoll hits you with a +0 whip!
* * * LOW HITPOINT WARNING * * *
It was a potion of attraction.
You feel attractive to monsters. The gnoll closely misses you.
It was a potion of enlightenment.
You feel very buoyant.
You fly up into the air.
The gnoll barely misses you.
You barely miss the gnoll.
The gnoll is moderately wounded.
The gnoll closely misses you.
You hit the gnoll.
The gnoll is severely wounded.
The gnoll barely misses you. x2
You closely miss the gnoll.
The gnoll is severely wounded.
The gnoll barely misses you.
You slash the gnoll!
You kill the gnoll!
You closely miss the goblin. The goblin hits you with a +0 club.
* * * LOW HITPOINT WARNING * * *
The goblin barely misses you.
You slash the goblin!
You kill the goblin!
You hit the gnoll.
The gnoll is moderately wounded.
The gnoll hits you with a +0 whip.
You die...

#.#.#.###.###.
#.............
#...........#
#..##.##.##.#
#..##.##.##.#
#..##....##.#
#..####..##.# #..#
#..##.##.#(.(
#.#####..@g((..(<.g
#......>.#####.#...
#.#####..# #.# #..#
#.# #..# #.#
#..#####.
##.#####........
#............###
##...####.########.


You could see a gnoll.

Vanquished Creatures
  3 gnolls (D:2)
  A ribbon worm (D:2)
  2 endoplasms (D:1)
  A giant cockroach (D:1)
  A goblin (D:2)
  7 hobgoblins (D:1)
  5 jackals (D:1)
  2 quokkas (D:2)
  5 ball pythons
  4 bats (D:1)
  A frilled lizard (D:1)
  A kobold (D:1)
  3 rats (D:1)
36 creatures vanquished.

Notes
Turn   | Place    | Note
-------+----------+-------------------------------------------
     0 | D:1      | pyrow613 the Demigod Fighter began the quest for the Orb.
     0 | D:1      | Reached XP level 1. HP: 18/18 MP: 3/3
   163 | D:1      | Reached XP level 2. HP: 19/25 MP: 4/4
   294 | D:1      | Found Donod's Distillery.
  1123 | D:2      | Reached XP level 3. HP: 31/31 MP: 5/5
  1365 | D:2      | Slain by a gnoll

Illustrated notes

Levels and vault maps discovered:
D:1:      mushboom_english_gardens, layout_basic, serial_shops, shop,
          minivault_5, minmay_octomino_j4
D:2:      minmay_alternating_diamond, layout_loops_ring,
          ebering_ecumenical_altar_hall

Skill      XL: |  1  2  3 |
---------------+----------+-----
Long Blades    | 2 |  2.6
Fighting       | 3 |  3.3
Shields        | 3 |  3.1
Armour         | 3 |  3.0

Action                     || total
---------------------------++-------
  Melee: Long sword        ||   140
  Throw: Dart              ||     8
    Use: Potion            ||     3
 Armour: Scale mail        ||    49
         Chain mail        ||    46
  Dodge: Dodged            ||    68
  Block: Buckler           ||    42

Table legend: (Time is in decaauts)
 A = Elapsed time spent in this place.
 B = Non-inter-level travel time spent in this place.
 C = Inter-level travel time spent in this place.
 D = Time resting spent in this place.
 E = Time spent auto-exploring this place.
 F = Levels seen in this place.
 G = Mean time per level.
                   A        B        C        D        E       F      G
               +--------+--------+--------+--------+--------+-----+--------+
         Total |   1411 |   1392 |     19 |      0 |   1085 |   2 |  705.5 |
       Dungeon |   1411 |   1392 |     19 |      0 |   1085 |   2 |  705.5 |
               +--------+--------+--------+--------+--------+-----+--------+

Top non-repeatable levels by time:
     D:1: 1147 daAuts
     D:2: 264 daAuts
